 Dungeon Crawl Stone Soup version 0.31-a0-1424-g2add1c7226 (webtiles) character file.

Game seed: 3680003107590097945

1554 grandjackal the Digger (level 8, 0/52 HPs)
             Began as a Vampire Earth Elementalist on Dec 26, 2023.
             Shot with an arrow by a centaur (10 damage)
             ... on level 5 of the Dungeon.
             The game lasted 00:11:14 (4854 turns).

grandjackal the Digger (Vampire Earth Elementalist) Turns: 4854, Time: 00:11:14

Health: 0/52       AC:  7    Str:  7    XL:     8   Next: 57%
Magic:  11/11      EV: 11    Int: 20    God:
Gold:   372        SH:  0    Dex: 14    Spells: 4/11 levels left

rFire   . . .        s - +1 dagger (venom)
rCold   + . .        (no shield)
rNeg    . . .        w - +0 leather armour {rC+}
rPois   .            (no helmet)
rElec   .            (no cloak)
rCorr   .            (no gloves)
SInv    +            (no boots)
Will    .....        (no amulet)
Stlth   +++          c - +4 ring of slaying
HPRegen 0.48/turn    g - +4 ring of protection
MPRegen 0.12/turn

%: no passive effects
@: healing quickly, studying Evocations
A: alive, fangs 3, see invisible, vampiric 2
a: Exsanguinate


You were on level 5 of the Dungeon.
You visited 1 branch of the dungeon, and saw 7 of its levels.
You also visited: Sewer and Ossuary.

You collected 372 gold pieces.

Inventory:

Hand Weapons
 d - a +0 dagger
 s - a +1 dagger of venom (weapon)
Armour
 a - a +0 robe
 w - a +0 leather armour of cold resistance (worn)
 y - the +3 scale mail of Xeczim {rC++}
   (You found it on level 4 of the Dungeon)

   rC++:      It greatly protects you from cold.
Jewellery
 c - a +4 ring of slaying (left hand)
 g - a +4 ring of protection (right hand)
Wands
 B - a wand of mindburst (16)
Scrolls
 f - 3 scrolls of revelation {unknown}
 h - 3 scrolls of enchant armour {unknown}
 i - a scroll of fear {unknown}
 k - 4 scrolls of teleportation {unknown}
 l - 2 scrolls of amnesia {unknown}
 p - 8 scrolls of identify {unknown}
 q - 2 scrolls of vulnerability {unknown}
 r - a scroll of silence {unknown}
 t - 2 scrolls of butterflies {unknown}
 u - a scroll of immolation {unknown}
 v - 2 scrolls of poison {unknown}
 A - a scroll of enchant weapon {unknown}
 D - a scroll of torment {unknown}
Potions
 b - 2 potions of magic
 e - a potion of invisibility
 j - 4 potions of heal wounds {unknown}
 m - 6 potions of enlightenment
 n - 6 potions of curing {unknown}
 o - a potion of haste {unknown}
 x - 3 potions of berserk rage {unknown}
 z - a potion of cancellation {unknown}
 C - 2 potions of attraction {unknown}
 E - 2 potions of might {unknown}
 F - a potion of ambrosia {unknown}


   Skills:
 - Level 6.1 Short Blades
 - Level 2.1 Dodging
 - Level 5.5 Stealth
 - Level 2.0 Spellcasting
 + Level 6.8 Earth Magic
 + Level 6.6 Alchemy


You had 4 spell levels left.
You knew the following spells:

 Your Spells              Type           Power      Damage    Failure   Level
a - Sandblast             Erth           58%        2d13      1%          1
b - Passwall              Alch/Erth      24%        N/A       2%          2
c - Petrify               Alch/Erth      29%        N/A       14%         4

Your spell library contained the following spells:

 Spells                   Type           Power      Damage    Failure   Level
 Stone Arrow              Conj/Erth      30%        3d8       19%         3
 Call Imp                 Summ           4%         N/A       34%         2
 Sublimation of Blood     Necr           2%         N/A       34%         2
 Brom's Barrelling Bould  Conj/Erth      15%        2d4       52%         4
 Summon Ice Beast         Ice/Summ       2%         N/A       93%         4
 Alistair's Intoxication  Alch           18%        N/A       38%         5
 Borgnjor's Vile Clutch   Necr/Erth      7%         N/A       86%         5
 Eringya's Noxious Bog    Alch           14%        4d6       93%         6
 Summon Mana Viper        Hex/Summ       2%         N/A       100%        5
 Monstrous Menagerie      Summ           1%         N/A       100%        7
 Summon Hydra             Summ           1%         N/A       100%        7


Dungeon Overview and Level Annotations

Branches:
Dungeon (7/15)              Sewer (visited)         Ossuary (visited)
 Temple: D:4-7

Altars:

Annotations:
D:4 Eustachio, Ijyb, Robin
D:5 Sigmund


Innate Abilities, Weirdness & Mutations

Your natural rate of healing is accelerated.
You have razor-sharp teeth.
You have supernaturally acute eyesight. (SInv)
You are afflicted with vampirism and can become a bat while bloodless.


Message History

Magic restored.
Things that are here:
a +0 war axe; an orc corpse An orc comes into view.
It is wielding a +0 club.
No target in view!
No target in view!
No target in view!
No target in view!
An orc comes into view. It is wielding a +0 hand axe.
An orc comes into view. It is wielding a +0 hand axe.
There is a stone staircase leading up here.
You catch the helpless orc completely off-guard!
You impale the orc!!
You kill the orc!
You hit the orc but do no damage.
The orc is poisoned.
The orc barely misses you.
You hit the orc.
You kill the orc!
No target in view!
No target in view!
Found 7 gold pieces.
The orc shouts!
You hear a shout!
A centaur comes into view.
The centaur wields a +2 orcbow of flaming.
It bursts into flame!
The centaur shoots an arrow.
The arrow hits you! The arrow burns you.
Found a stone staircase leading up.
The centaur shoots an arrow.
The arrow hits you. The arrow burns you.
You hit the orc.
The orc is poisoned.
The orc is severely wounded.
The centaur shoots an arrow.
The arrow hits you! The arrow burns you.
You are too injured to fight recklessly!
You kill the orc!
The centaur shoots an arrow.
The arrow hits you!
* * * LOW HITPOINT WARNING * * *
The arrow burns you.
* * * LOW HITPOINT WARNING * * *
The centaur shoots an arrow.
The arrow closely misses you.
The centaur shoots an arrow.
The arrow hits you!
You die...

#....##.#....# #.#
....####.#...# #### ..#
...######.#### ##..##.#
......####..## #......#
........###..## #.....##
#.........##..## #......##
...........##..#######......##
............###.<..)...>.....#
.)..........# #.@.)..........#
............#
#..######.......#
#..........####...###
#.......# ####......##
#......# ##....... ########
#.....)..# .......
#..........# ..##...
.............#... .#.
...#.......c....
.###............


You could see a centaur.

Vanquished Creatures
  Duvessa (D:4)
  A sky beast (D:6)
  A black bear (D:5)
  A centaur (D:6)
  3 scorpions
  A wight (Ossuary)
  Dowan (D:4)
  A howler monkey (D:6)
  2 bombardier beetles (D:4)
  2 orc priests
  2 spectral scorpions (Ossuary)
  2 jellies
  2 centaur skeletons (Ossuary)
  A human zombie (D:5)
  3 iguanas
  An orc wizard (D:3)
  A crocodile zombie (Ossuary)
  2 ogre skeletons (Ossuary)
  10 mummies (Ossuary)
  9 adders
  5 river rats
  4 worms
  3 dart slugs
  8 orcs
  7 endoplasms
  10 giant cockroaches
  7 goblins
  9 hobgoblins
  10 jackals
  5 quokkas
  8 ball pythons
  15 bats
  4 frilled lizards
  2 gnoll skeletons (Ossuary)
  14 kobolds
  A kobold zombie (D:5)
  2 orc skeletons (Ossuary)
  5 rats
  10 spectral rats (Ossuary)
176 creatures vanquished.

Notes
Turn   | Place    | Note
-------+----------+-------------------------------------------
     0 | D:1      | grandjackal the Vampire Earth Elementalist began the quest
                  | for the Orb.
     0 | D:1      | Reached XP level 1. HP: 13/13 MP: 3/3
   115 | D:1      | Reached XP level 2. HP: 4/19 MP: 0/5
   659 | D:1      | Gained mutation: You are afflicted with vampirism and can
                  | become a bat while bloodless. [Vampire growth]
   659 | D:1      | Reached XP level 3. HP: 24/24 MP: 6/6
   662 | D:1      | Learned a level 2 spell: Passwall
   800 | D:2      | Found a faded altar of an unknown god.
   909 | D:2      | Reached skill level 1 in Short Blades
  1492 | D:2      | Identified the +0 dagger of Ancient Evil {flame, *Corrode
                  | rF+ rC+ Dex+2}
  1655 | D:3      | Reached XP level 4. HP: 20/30 MP: 0/7
  1891 | D:3      | HP: 1/30 [jackal (2)]
  1926 | D:2      | Reached XP level 5. HP: 20/35 MP: 3/8
  1995 | D:3      | Reached skill level 5 in Stealth
  2286 | D:3      | Found a glowing drain.
  2290 | Sewer    | Entered a sewer
  2417 | Sewer    | Reached XP level 6. HP: 41/41 MP: 6/9
  3200 | D:3      | Learned a level 4 spell: Petrify
  3282 | D:4      | Noticed Duvessa
  3286 | D:4      | Noticed Dowan
  3302 | D:4      | Killed Duvessa
  3308 | D:4      | Killed Dowan
  3309 | D:4      | Reached skill level 5 in Earth Magic
  3309 | D:4      | Reached XP level 7. HP: 13/46 MP: 6/10
  3437 | D:4      | Noticed Robin
  3535 | D:4      | Noticed Eustachio
  3617 | D:4      | Identified the +3 scale mail of Xeczim {rC++}
  3856 | D:4      | Noticed Ijyb
  3858 | D:4      | You fall into a shaft and drop 3 floors!
  3884 | D:6      | Reached skill level 5 in Alchemy
  3968 | D:6      | Reached skill level 5 in Short Blades
  4010 | D:6      | Reached XP level 8. HP: 52/52 MP: 11/11
  4039 | D:5      | Entered Level 5 of the Dungeon
  4082 | D:5      | Noticed Sigmund
  4158 | D:5      | Found a sand-covered staircase.
  4190 | Ossuary  | Entered an ossuary
  4854 | D:5      | Shot with an arrow by a centaur

Illustrated notes

Levels and vault maps discovered:
D:1:      lemuel_arrival_rhombus, layout_rooms, hex_intersection
D:2:      layout_basic, nicolae_ecumenical_pavilion
D:3:      layout_loops_cross, gup_sewer_entry_spiral
D:4:      layout_cave_pools, minmay_joined_circles, uniq_duvessa, uniq_ijyb,
          uniq_eustachio, uniq_robin
D:5:      layout_cave_pods, nicolae_ru_sacrificial_ziggurat, enter_ossuary_3,
          uniq_menkaure, uniq_sigmund, uniq_crazy_yiuf_cottage
D:6:      layout_rooms, general_overflow_altar, minmay_curled_crystal,
          grunt_ministairs_8
D:7:      layout_cave_pods, mainiacjoe_overflow_surrounded_room,
          lemuel_blue_sif_altar, nicolae_hepliaklqana_hippocampus,
          kennysheep_slug_shrine, minmay_temple_entry_statues_pillars,
          grunt_ministairs_4, grunt_decor_resistance, st_stairs_3

Skill      XL: |  1  2  3  4  5  6  7  8 |
---------------+-------------------------+-----
Alchemy        | 2 3 4 5 6 |  6.6
Stealth        | 4 5 |  5.5
Short Blades   | 1 2 3 5 6 |  6.1
Earth Magic    | 4 5 6 |  6.8
Dodging        | |  2.1
Spellcasting   | |  2.0

Action                     |  1- 3 |  4- 6 |  7- 9 || total
---------------------------+-------+-------+-------++-------
  Melee: Unarmed           |    13 |       |       ||    13
         Bite              |     6 |    10 |    32 ||    48
         Dagger            |    31 |   150 |   189 ||   370
         Punch             |       |     2 |     1 ||     3
   Cast: Sandblast         |    37 |    34 |    25 ||    96
         Passwall          |       |       |     2 ||     2
    Use: Potion            |       |     1 |       ||     1
   Stab: Sleeping          |     6 |     9 |    10 ||    25
         Distracted        |     1 |     1 |     2 ||     4
 Armour: Robe              |    47 |    77 |       ||   124
         Leather armour    |       |       |   106 ||   106
  Dodge: Dodged            |    53 |   110 |    83 ||   246

Table legend: (Time is in decaauts)
 A = Elapsed time spent in this place.
 B = Non-inter-level travel time spent in this place.
 C = Inter-level travel time spent in this place.
 D = Time resting spent in this place.
 E = Time spent auto-exploring this place.
 F = Levels seen in this place.
 G = Mean time per level.
                   A        B        C        D        E       F      G
               +--------+--------+--------+--------+--------+-----+--------+
         Total |   5078 |   5023 |     55 |    624 |   2265 |   9 |  564.2 |
       Dungeon |   3692 |   3637 |     55 |    509 |   1533 |   7 |  527.4 |
         Sewer |    844 |    844 |      0 |      0 |    548 |   1 |  844.0 |
       Ossuary |    541 |    541 |      0 |    115 |    184 |   1 |  541.0 |
               +--------+--------+--------+--------+--------+-----+--------+

Top non-repeatable levels by time:
     D:3: 954 daAuts
     D:2: 876 daAuts
   Sewer: 844 daAuts
     D:1: 810 daAuts
     D:4: 622 daAuts
 Ossuary: 541 daAuts
     D:5: 245 daAuts
     D:6: 177 daAuts
     D:7: 5 daAuts
